 Dungeon Crawl Stone Soup version 0.29.1-15-g9cfb28693d (webtiles) character file.

Game seed: 10627424767930051601

11 leafyfresh the Sneak (level 2, -4/21 HPs)
             Began as an Octopode Delver on Apr 6, 2023.
             Slain by a scorpion (5 damage)
             ... on level 5 of the Dungeon.
             The game lasted 00:00:16 (147 turns).

leafyfresh the Sneak (Octopode Delver)               Turns: 147, Time: 00:00:17

Health: -4/21      AC:  1    Str: 11    XL:     2   Next: 25%
Magic:  2/2        EV: 13    Int: 12    God:
Gold:   5          SH:  0    Dex: 13    Spells: 1/1 levels left

rFire   . . .      SeeInvis .   a - +0 short sword
rCold   . . .      Faith    .   (no shield)
rNeg    . . .      Spirit   .   (helmet restricted)
rPois   .          Reflect  .   (no amulet)
rElec   .          Harm     .   (no ring)
rCorr   .          Rampage  .   (no ring)
Will    .....                   (no ring)
Stlth   ++++......              (no ring)
HPRegen 0.07/turn               (no ring)
MPRegen 0.08/turn               (no ring)
                                (no ring)
                                (no ring)

@: lethally poisoned (-4 -> -9)
A: almost no armour, amphibious, 8 rings, camouflage 1, gelatinous body 1,
(nimble swimmer 1), tentacles
a: no special abilities


You were on level 5 of the Dungeon.
You visited 1 branch of the dungeon, and saw 1 of its levels.

You collected 5 gold pieces.

Inventory:

Hand Weapons
 a - a +0 short sword (weapon)
Armour
 g - an orb of energy
Wands
 f - a wand of digging (3)
Scrolls
 b - a scroll of fog
 c - a scroll of magic mapping
 d - a scroll of fear
Potions
 e - a potion of haste
 h - a potion of might {unknown}


   Skills:
 + Level 3.2 Fighting
 - Level 2.0 Short Blades
 + Level 2.3 Dodging
 + Level 6.8 Stealth


You had one spell level left.
You didn't know any spells.
Your spell library was empty.

Dungeon Overview and Level Annotations

Branches:
Dungeon (5/15)
 Temple: D:4-7

Altars:


Innate Abilities, Weirdness & Mutations

You cannot wear most types of armour.
You are amphibious.
You can wear up to eight rings at the same time.
Your skin changes colour to match your surroundings (Stealth+).
Your rubbery body absorbs attacks. (AC +1, EV +1)
((You are camouflaged when in or above water. (Stealth+)))
You have tentacles for arms and can constrict up to eight enemies at once.


Message History

No target in view!
There is a stone staircase leading up here.
h - a yellow potion No target in view!
A scorpion comes into view.
A scorpion is nearby!
Unknown command.
You hit the scorpion but do no damage. Your grab misses the scorpion.
The scorpion closely misses you.
You hit the scorpion but do no damage. You grab the scorpion.
You constrict the scorpion. The scorpion stings you!
You hit the scorpion but do no damage.
You squeeze the scorpion, but do no damage.
The scorpion is lightly wounded.
You constrict the scorpion, but do no damage.
The scorpion stings you but does no damage.
You hit the scorpion but do no damage.
The scorpion is lightly wounded.
You constrict the scorpion, but do no damage.
The scorpion misses you.
You barely miss the scorpion.
The scorpion is lightly wounded.
You constrict the scorpion. The scorpion stings you!
* * * LOW HITPOINT WARNING * * *
You are lethally poisoned!
The scorpion poisons you! The scorpion stings you.
* * * LOW HITPOINT WARNING * * *
Unknown command.
Unknown command.
You hit the scorpion but do no damage. You squeeze the scorpion.
The scorpion is moderately wounded.
You constrict the scorpion, but do no damage.
* * * LOW HITPOINT WARNING * * *
You feel sick. The scorpion barely misses you.
You hit the scorpion.
The scorpion is moderately wounded.
You constrict the scorpion.
* * * LOW HITPOINT WARNING * * *
You feel sick. The scorpion stings you.
You die...

#.......#
###.##.##.#
#......# ..
#.###).# ##
#.# #..#
#.###..#
#.<....#
#####..# #@.#
#s.# ### #..#
.. #..# .# #
#..####.##.#
#..........#..
#..##........!
#.....#.##.##.
#######...


You could see a scorpion.

Vanquished Creatures
  An adder (D:5)
  A quokka (D:5)
2 creatures vanquished.

Notes
Turn   | Place    | Note
-------+----------+-------------------------------------------
     0 | D:5      | leafyfresh the Octopode Delver began the quest for the Orb.
     0 | D:5      | Reached XP level 1. HP: 16/16 MP: 1/1
    29 | D:5      | Reached XP level 2. HP: 21/21 MP: 2/2
   130 | D:5      | Noticed a scorpion
   147 | D:5      | HP: 1/21 [poisoned by a scorpion]
   147 | D:5      | Slain by a scorpion

Illustrated notes

Levels and vault maps discovered:
D:5:      layout_loops_ring, chequers_garden

Action                   || total
-------------------------++-------
Melee: Short sword       ||    11
       Constrict         ||     2
       Tentacles         ||     2
 Stab: Sleeping          ||     1
Armor: Skin              ||     1
Dodge: Dodged            ||     5
